 Dungeon Crawl Stone Soup version 0.20.1-1-g8b1a95d (console) character file.

315 hilaritas the Digger (level 6, -2/32 HPs)
             Began as a Gargoyle Earth Elementalist on Oct 8, 2017.
             Killed by divine providence
             ... invoked by an orc priest
              (13 damage)
             ... on level 3 of the Dungeon.
             The game lasted 00:07:05 (3694 turns).

hilaritas the Digger (Gargoyle Earth Elementalist)  Turns: 3694, Time: 00:07:06

Health: -2/32      AC:  9    Str: 12    XL:     6   Next: 44%
Magic:  5/13       EV: 12    Int: 17    God:
Gold:   106        SH:  0    Dex: 10    Spells: 6/15 levels left

rFire    . . .     SeeInvis .   h - +0 spear
rCold    . . .     Gourm    .   (no shield)
rNeg     + . .     Faith    .   c - +0 robe
rPois    ∞         Spirit   .   (no helmet)
rElec    +         Reflect  .   (no cloak)
rCorr    .         Harm     .   (no gloves)
MR       .....                  s - +2 pair of boots
Stlth    ++........             (no amulet)
Regen    0.1/turn               (no ring)
MPRegen  0.2/turn               (no ring)

@: no status effects
A: negative energy resistance 1, electricity resistance, unbreathing,
petrification resistance, rot immunity, AC +4
a: no special abilities


You were on level 3 of the Dungeon.
You were not hungry.

You visited 1 branch of the dungeon, and saw 3 of its levels.

You collected 106 gold pieces.

Inventory:

Hand Weapons
 h - a +0 spear (weapon)
Missiles
 b - 13 stones (quivered)
Armour
 c - a +0 robe (worn)
 q - a +0 shield
 s - a +2 pair of boots (worn)
Jewellery
 f - a cursed amulet of inaccuracy {unknown}
 l - an uncursed ring of protection from magic {unknown}
 m - an uncursed ring of resist corrosion {unknown}
 o - an uncursed ring of see invisible {unknown}
Scrolls
 a - 2 scrolls of immolation {unknown}
 g - a scroll of blinking {unknown}
 i - a scroll of recharging {unknown}
 k - a scroll of identify {unknown}
 n - a scroll of enchant armour {unknown}
Potions
 j - 2 potions of haste {unknown}
 p - a potion of lignification {unknown}
 r - 2 potions of cancellation {unknown}
 t - a potion of flight {unknown}
Books
 e - a book of Geomancy

   Spells                             Type                      Level
   a - Sandblast                      Earth                        1
   b - Passwall                       Transmutation/Earth          2
   c - Stone Arrow                    Conjuration/Earth            3
   d - Petrify                        Transmutation/Earth          4
   e - Lee's Rapid Deconstruction     Earth                        5
Comestibles
 d - a bread ration
 u - 2 royal jellies


   Skills:
 - Level 1.5 Dodging
 - Level 2.1 Stealth
 * Level 5.0 Spellcasting
 - Level 2.2 Conjurations
   Level 0.7 Transmutations
 - Level 5.0 Earth Magic


You had 6 spell levels left.
You knew the following spells:

 Your Spells              Type           Power        Failure   Level  Hunger
a - Sandblast             Erth           ###...       1%          1    None
b - Stone Arrow           Conj/Erth      ###...       10%         3    ###....
c - Lee's Rapid Deconstr  Erth           ###.......   43%         5    ######.


Dungeon Overview and Level Annotations

Branches:
Dungeon (3/15)

Altars:


Innate Abilities, Weirdness & Mutations

You are resistant to torment.
Your stone body is resilient. (AC +4)
You are immune to poison.
You resist negative energy. (rN+)
You are resistant to electric shocks. (rElec)
You can survive without breathing.
You are immune to petrification.
You are immune to rotting.


Message History

b - 14 stones The orc priest hits you but does no damage.
The orc hits you but does no damage.
An orc priest comes into view. It is wielding a club.
Casting: Sandblast
Confirm with . or Enter, or press ? or * to list all spells.
Aiming: Sandblast
Press: ? - help, Shift-Dir - straight line, f/p - orc priest
Aim: an orc priest, wielding a whip (severely wounded)
The blast of sand hits the orc priest.
You kill the orc priest!
Your Spellcasting skill increases to level 5!
b - 13 stones The orc hits you but does no damage.
The orc priest mumbles some strange prayers to Beogh against you.
Beogh smites you! The orc hits you but does no damage.
The orc priest mumbles some strange prayers to Beogh against you.
Beogh smites you!
You die...

###...................######.#
#
........÷###..........'......#
# ##.....).#
#..........######## ..
#.......# #######....# .##
#.......# #....# #.......#
###### #......## #.##..##
#.##### #.# ♣♣♣♣♣♣♣♣♣♣♣ #.#
♣♣.♣♣@..o..♣ #.#
♣♣♣♣♣♣♣.♣).o♣♣♣...♣
#.#♣♣......♣♣♣♣♣♣ ♣
#.#♣.♣♣♣♣♣♣♣ #...♣♣ #.#♣♣ #.#
#.# #.# #.# #.#


You could see an orc priest and an orc.

Vanquished Creatures
  2 orc priests (D:3)
  Natasha (thrice) (D:2)
  A worker ant (D:3)
  4 gnolls
  4 adders
  4 worms
  2 dart slugs
  4 leopard geckos
  An orc (D:3)
  5 goblins
  4 hobgoblins
  9 jackals
  4 quokkas (D:2)
  6 bats
  3 frilled lizards
  9 kobolds
  5 rats
70 creatures vanquished.

Notes
Turn   | Place    | Note
-------+----------+-------------------------------------------
     0 | D:1      | hilaritas the Gargoyle Earth Elementalist began the quest for the Orb.
     0 | D:1      | Reached XP level 1. HP: 10/10 MP: 3/3
   284 | D:1      | Reached XP level 2. HP: 6/15 MP: 0/5
   533 | D:1      | Reached XP level 3. HP: 16/19 MP: 0/6
   544 | D:1      | Reached skill level 5 in Earth Magic
   567 | D:1      | Learned a level 3 spell: Stone Arrow
  1038 | D:2      | Noticed Natasha
  1044 | D:2      | Killed Natasha
  1044 | D:2      | Reached XP level 4. HP: 13/24 MP: 0/7
  1591 | D:2      | Noticed Natasha
  1597 | D:2      | Killed Natasha
  1597 | D:2      | Reached XP level 5. HP: 11/28 MP: 4/9
  1682 | D:2      | Noticed Natasha
  1687 | D:2      | Killed Natasha
  1696 | D:2      | Learned a level 5 spell: Lee's Rapid Deconstruction
  3424 | D:3      | Found a faded altar of an unknown god.
  3465 | D:3      | Reached XP level 6. HP: 25/32 MP: 12/12
  3693 | D:3      | Reached skill level 5 in Spellcasting
  3694 | D:3      | Killed from afar by an orc priest

Skill      XL: |  1  2  3  4  5  6 |
---------------+-------------------+-----
Earth Magic    | 4 5 |  5.0
Conjurations   | 2 |  2.2
Spellcasting   | 3 4 5 |  5.0
Dodging        | |  1.5
Stealth        | |  2.1
Transmutations | |  0.7

Action                   |  1- 3 |  4- 6 || total
-------------------------+-------+-------++-------
Melee: Unarmed           |    11 |       ||    11
       Spear             |    33 |   227 ||   260
 Cast: Sandblast         |    28 |    32 ||    60
 Stab: Sleeping          |       |     3 ||     3
  Eat: Chunk             |       |    10 ||    10
Armor: Robe              |    23 |    79 ||   102
Dodge: Dodged            |    53 |   138 ||   191
